 Dungeon Crawl Stone Soup version 0.29.0-4-gdea44cf6ec (webtiles) character file.

Game seed: 208630672629690109

74489 SnakkuSnakku7 the Earth Mage (level 15, -16/110 HPs)
             Began as a Palentonga Summoner on Aug 27, 2022.
             Was a High Priest of Vehumet.
             Demolished by a reaper
             ... wielding a +1 scythe of distortion
              (39 damage)
             ... in a Gauntlet.
             The game lasted 00:57:31 (23438 turns).

SnakkuSnakku7 the Earth Mage (Palentonga Summoner) Turns: 23438, Time: 00:57:32

Health: -16/110    AC: 17    Str: 15    XL:     15   Next: 7%
Magic:  10/28      EV: 11    Int: 24    God:    Vehumet [*****.]
Gold:   591        SH: 15    Dex: 13    Spells: 2/32 levels left

rFire   + + .      SeeInvis +   a - +7 Throatcutter {drain, coup de grace}
rCold   . . .      Faith    .   X - +0 tower shield
rNeg    . . .      Spirit   .   h - +2 robe {Archmagi}
rPois   +          Reflect  .   (no helmet)
rElec   .          Harm     .   u - scarf {repulsion}
rCorr   .          Rampage  .   B - +2 pair of gloves of Atheism {Dex+3}
Will    +....      Archmagi +   G - +0 barding
Stlth   ++........ NoTele   +   y - amulet of magic regeneration
HPRegen 0.28/turn               I - ring "Mitenip" {Wiz *Corrode rPois rF++ Int+2}
MPRegen 0.61/turn               l - +4 ring of evasion

@: corroded, repel missiles, curled up
A: large, rugged brown scales 3, see invisible, deformed body, roll 1, armoured
tail, reflexive curl
a: Rolling Charge, Renounce Religion


You were in a Gauntlet.
You worshipped Vehumet.
Vehumet was extremely pleased with you.
You visited 3 branches of the dungeon, and saw 19 of its levels.
You also visited: Ossuary and Gauntlet.

You collected 1922 gold pieces.
You spent 1331 gold pieces at shops.

Inventory:

Hand Weapons
 a - the +7 Throatcutter (weapon) {drain, coup de grace}
   (You found it on level 8 of the Dungeon)

   A truly terrible weapon, it drains the life of any living foe it strikes.
   It may instantly kill foes which have little health.
Missiles
 M - 2 throwing nets
Armour
 c - a +0 cloak
 h - a +2 robe of the Archmagi (worn)
 u - a scarf of repulsion (worn)
 B - the +2 pair of gloves of Atheism (worn) {Dex+3}
   (You bought it in a shop on level 2 of the Orcish Mines)

   Dex:       It affects your dexterity (+3).
 G - a +0 barding (worn)
 X - a +0 tower shield (worn)
Jewellery
 i - a +6 ring of dexterity
 l - a +4 ring of evasion (right hand)
 y - an amulet of magic regeneration (around neck)
 F - a ring of resist corrosion
 I - the ring "Mitenip" (left hand) {Wiz *Corrode rPois rF++ Int+2}
   (You bought it in a shop on level 2 of the Orcish Mines)

   [ring of wizardry]

   It improves your spell success rate.
   Int:       It affects your intelligence (+2).
   rF:        It greatly protects you from fire.
   rPois:     It protects you from poison.
   *Corrode:  It may corrode you when you take damage.
 S - a ring of ice
Wands
 D - a wand of flame (21)
 E - a wand of paralysis (13)
 L - a wand of polymorph (13)
 N - a wand of light (2)
Scrolls
 d - 2 scrolls of enchant weapon
 f - a scroll of summoning
 k - 4 scrolls of vulnerability {unknown}
 q - 6 scrolls of identify
 r - a scroll of silence
 t - 3 scrolls of amnesia
 v - 2 scrolls of enchant armour
 x - 3 scrolls of fear
 A - 10 scrolls of teleportation
 H - 2 scrolls of magic mapping
 O - a scroll of butterflies {unknown}
 Q - 2 scrolls of blinking {unknown}
 U - 2 scrolls of torment {unknown}
 V - 2 scrolls of brand weapon {unknown}
Potions
 b - a potion of magic
 e - 3 potions of invisibility
 g - 5 potions of brilliance {unknown}
 j - 3 potions of mutation
 m - 4 potions of attraction {unknown}
 n - 12 potions of curing
 o - 5 potions of flight
 p - a potion of cancellation
 s - a potion of heal wounds
 w - 4 potions of resistance
 z - a potion of berserk rage
 C - 3 potions of lignification
 J - 2 potions of ambrosia
 K - 4 potions of might
 P - 3 potions of haste


   Skills:
 - Level 5.0 Fighting
 - Level 5.0 Armour
 - Level 5.0 Dodging
 - Level 1.2 Stealth
 - Level 8.0 Shields
 - Level 9.0 Spellcasting
 + Level 11.4 Conjurations
 - Level 3.2 Summonings
 - Level 15.0 Earth Magic
 - Level 7.0 Poison Magic
 - Level 1.0 Evocations


You had 2 spell levels left.
You knew the following spells:

 Your Spells              Type           Power      Damage    Failure   Level
a - Stone Arrow           Conj/Erth      100%       3d13      1%          3
b - Sandblast             Erth           100%       2d20      1%          1
c - Spellforged Servitor  Conj/Summ      31%        N/A       67%         7
d - Iskenderun's Mystic   Conj/Tloc      55%        2d12      3%          4
e - Iron Shot             Conj/Erth      42%        9d8       2%          6
g - Lee's Rapid Deconstr  Erth           45%        3d23*     1%          5
z - Olgreb's Toxic Radia  Pois           61%        N/A       1%          4

Your spell library contained the following spells:

 Spells                   Type           Power      Damage    Failure   Level
 Orb of Destruction       Conj           39%        9d11      22%         7
 Poisonous Vapours        Pois/Air       82%        N/A       1%          2
 Sting                    Tmut/Pois      100%       1d8       2%          1
 Summon Small Mammal      Summ           100%       N/A       3%          1
 Call Imp                 Summ           39%        N/A       4%          2
 Beastly Appendage        Tmut           32%        N/A       12%         1
 Ensorcelled Hibernation  Hex/Ice        32%        N/A       16%         2
 Wereblood                Tmut           16%        N/A       16%         2
 Dazzling Flash           Conj/Hex       100%       N/A       1%          3
 Animate Armour           Summ/Erth      100%       N/A       2%          4
 Call Canine Familiar     Summ           39%        N/A       9%          3
 Spider Form              Tmut/Pois      41%        N/A       9%          3
 Fireball                 Conj/Fire      27%        3d12      9%          5
 Summon Guardian Golem    Hex/Summ       27%        N/A       17%         3
 Gell's Gravitas          Tloc           16%        N/A       32%         3
 Lesser Beckoning         Tloc           16%        N/A       32%         3
 Teleport Other           Tloc           16%        N/A       32%         3
 Starburst                Conj/Fire      27%        6d9       36%         6
 Summon Lightning Spire   Summ/Air       27%        N/A       47%         4
 Lehudib's Crystal Spear  Conj/Erth      42%        10d10     56%         8
 Anguish                  Hex/Necr       8%         N/A       69%         4
 Passage of Golubria      Tloc           16%        N/A       69%         4
 Silence                  Hex/Air        8%         N/A       95%         5
 Enfeeble                 Hex            8%         N/A       100%        7
 Malign Gateway           Summ/Tloc      13%        N/A       100%        7
 Ignition                 Fire           8%         3d5       100%        8
 Summon Horrible Things   Summ           19%        N/A       100%        8


Dungeon Overview and Level Annotations

Branches:
Dungeon (12/15)            Temple (0/1) D:7            Lair (5/5) D:10
 Shoals (0/4) Lair:3        Snake (0/4) Lair:3        Slime (0/5) Lair:5
    Orc (2/2) D:9             Elf (0/3) Orc:2       Ossuary (visited)
Gauntlet (1/1)

Altars:
Elyvilon
Kikubaaqudgha
Trog
Vehumet
Jiyva

Shops:
Orc:2 =[(*

Annotations:
Lair:4 3 runed translucent doors, SigmundSlayer's ghost, journeyman GrBe Gauntlet 4 transporters


Innate Abilities, Weirdness & Mutations

You are completely covered in rugged brown scales. (AC +3, +7% HP)
You have supernaturally acute eyesight. (SInv)
Armour fits poorly on your strangely shaped body.
You can roll at nearby foes to attack.
You have a long armoured tail.
You curl defensively after being hit. (AC +7*)


Message History

P - 3 potions of haste (gained 1)
You are engulfed in blazing flames.
You resist. You block the fire elemental's attack.
The hell hound bites you but does no damage.
The hell hound enters a dispersal trap!
The hell hound blinks! x2; You blink.
The hell hound blinks!
Unknown command.
You enter the transporter and appear at another place.
There is a transporter here.
You enter the transporter and appear at another place.
A hellwing comes into view.
The hellwing gives a chilling moan.
Something shouts, "Scamper home, thou infectious clapper-clawed dandiprat!"
Found a scroll of enchant weapon and a ring mail.
Found a transporter.
Aiming: Iron Shot (dangerous; 2% risk of failure)
Press: ? - help, Q - select action, (/) - cycle Shift-Dir - straight line, f - reaper
Aim: a reaper, wielding a +1 scythe of distortion (76% to hit)
You feel a surge of power!
The iron shot hits the reaper!!!
The reaper is heavily wounded.
A shadow imp comes into view.
The reaper hits you from afar with a +1 scythe of distortion!!
* * * LOW HITPOINT WARNING * * *
Your corrosive artefact corrodes you!
The shadow imp shouts, "Crawl home, thou bootless two-tin-hat vulture!"
Aiming: Iron Shot (dangerous; 2% risk of failure)
Press: ? - help, Q - select action, (/) - cycle Shift-Dir - straight line, f/p - reaper
Aim: a reaper, wielding a +1 scythe of distortion (heavily wounded, 76% to hit)
You feel a surge of power!
The iron shot hits the reaper!!
The reaper is almost dead.
The hellwing enters a dispersal trap!
The reaper blinks!
You blink.
You enter a dispersal trap!
You blink.
The hellwing blinks!
The reaper hits you with a +1 scythe of distortion!!
* * * LOW HITPOINT WARNING * * *
Space warps around you.
* * * LOW HITPOINT WARNING * * *
Okay, then.
You feel much better.
The reaper hits you with a +1 scythe of distortion!!!
You die...

≈≈.########
≈.#8..©#....≈
##.#©...#.8.. #
##≈.#8..©#... ≈#
#≈≈.#### ### .≈≈
#≈.#...©?4 #.≈#
##.#5#####.#.##
#≈.#^..#.§§#.≈#
#≈≈.####@####.≈≈
##≈.#^.2#..^#.≈#
##.#.#####.#.##
#..#.......#.≈##
...#########.≈≈#
#...#8..©#....≈#
.#.8.#©...#.8..##
.⌠.#8..©#....≈##
.8.#########.≈≈#


You could see a reaper, a hellwing and a shadow imp.

Vanquished Creatures
  2 orc warlords (Orc:2)
  Snorg (D:11)
  Harold (D:9)
  A boulder beetle (D:12)
  8 hydras
  Fannar (D:11)
  Erica (D:9)
  8 death yaks
  3 two-headed ogres
  Urug (Orc:2)
  Nergalle (D:12)
  An orc high priest (Orc:2)
  2 goliath frogs (Lair:5)
  4 orc knights (Orc:2)
  A manticore (D:12)
  4 orc sorcerers (Orc:2)
  An ugly thing (D:11)
  10 elephants
  10 black mambas
  A torpor snail (Lair:1)
  A gargoyle (D:11)
  4 kobold demonologists (D:8)
  21 cane toads
  6 rime drakes
  9 komodo dragons
  7 trolls
  3 polar bears
  2 tyrant leeches (Lair:5)
  5 hornets
  A slime creature (D:12)
  11 blink frogs (Lair:5)
  4 flying skulls (Gauntlet)
  A vampire (D:11)
  Sigmund (D:6)
  A large abomination (Gauntlet)
  12 spriggans (Lair:4)
  6 wyverns
  4 small abominations (Gauntlet)
  A basilisk (Lair:2)
  A fire elemental (Gauntlet)
  51 yaks
  2 steam dragons
  6 vampire mosquitoes
  5 wargs
  3 acid dragons
  21 water moccasins
  28 orc warriors
  A sky beast (D:7)
  A black bear (D:6)
  3 boggarts (Lair:4)
  14 wolves
  7 ogres
  4 centaurs
  2 phantoms (D:5)
  11 kobold brigands
  Blork the orc (Orc:2)
  2 gnoll sergeants
  4 necrophages
  14 bullfrogs
  10 wights
  13 scorpions
  18 killer bees
  2 howler monkeys
  An electric eel (Lair:5)
  3 centaur zombies (Ossuary)
  7 human zombies (Ossuary)
  9 hounds
  A jelly (D:4)
  14 orc priests
  2 gnoll boudas
  4 iguanas
  Ijyb (D:5)
  21 orc wizards
  5 scorpion zombies (Ossuary)
  8 hell rats
  4 mummies
  16 gnolls
  7 adders
  A river rat (D:10)
  A shadow imp (D:7)
  A white imp (D:6)
  2 ufetubi (D:5)
  3 dart slugs
  70 orcs
  6 endoplasms
  A giant cockroach (D:3)
  A gnoll zombie (Ossuary)
  9 goblins
  7 hobgoblins
  10 jackals
  37 kobolds
  5 quokkas
  4 ball pythons
  4 bats (D:2)
  3 frilled lizards
  2 goblin zombies (Ossuary)
  A hobgoblin zombie (Ossuary)
  A kobold zombie (Ossuary)
  2 orc zombies (Ossuary)
  2 rats (D:1)
  A butterfly (Lair:5)
663 creatures vanquished.

Vanquished Creatures (others)
  A blink frog (Lair:5)
  46 fungi
  109 plants
  A withered plant (Gauntlet)
157 creatures vanquished.

Grand Total: 820 creatures vanquished

Notes
Turn   | Place    | Note
-------+----------+-------------------------------------------
     0 | D:1      | SnakkuSnakku7 the Palentonga Summoner began the quest for
                  | the Orb.
     0 | D:1      | Reached XP level 1. HP: 13/13 MP: 3/3
   113 | D:1      | Reached skill level 1 in Fighting
   123 | D:1      | Reached XP level 2. HP: 19/23 MP: 5/5
   348 | D:1      | You fall into a shaft and drop 1 floor!
   348 | D:2      | Found a radiant altar of Vehumet.
   368 | D:2      | Became a worshipper of Vehumet
   753 | D:1      | Reached XP level 3. HP: 28/28 MP: 6/6
   934 | D:1      | Reached skill level 1 in Earth Magic
   944 | D:1      | Found a faded altar of an unknown god.
   950 | D:1      | Reached skill level 1 in Conjurations
  1466 | D:2      | Reached * piety under Vehumet
  1466 | D:2      | Offered knowledge of Sandblast by Vehumet.
  1469 | D:2      | Learned a level 1 spell: Sandblast
  1548 | D:2      | Reached XP level 4. HP: 35/35 MP: 4/7
  2283 | D:3      | Reached skill level 2 in Earth Magic
  2675 | D:3      | Learned a level 3 spell: Stone Arrow
  2770 | D:4      | Noticed a water moccasin
  2774 | D:4      | Killed a water moccasin
  2775 | D:4      | Reached skill level 3 in Earth Magic
  2775 | D:4      | Reached XP level 5. HP: 23/40 MP: 3/8
  2798 | D:4      | Reached XP level 6. HP: 26/47 MP: 3/9
  2810 | D:4      | Identified the +2 leather armour "Sute" {rF+ rC+ MP+9
                  | Str+4}
  2967 | D:4      | Reached ** piety under Vehumet
  3126 | D:4      | Found a sand-covered staircase.
  3134 | Ossuary  | Entered an ossuary
  3146 | Ossuary  | Offered knowledge of Magic Dart by Vehumet.
  3201 | Ossuary  | Reached skill level 4 in Earth Magic
  3210 | Ossuary  | Gained mutation: You curl defensively after being hit. (AC
                  | +7*) [Palentonga growth]
  3210 | Ossuary  | Reached XP level 7. HP: 38/53 MP: 5/10
  3549 | Ossuary  | Reached skill level 5 in Conjurations
  3549 | Ossuary  | Reached skill level 5 in Earth Magic
  3863 | Ossuary  | Offered knowledge of Dazzling Flash by Vehumet.
  3932 | Ossuary  | Reached XP level 8. HP: 50/59 MP: 7/11
  4055 | Ossuary  | Reached skill level 6 in Earth Magic
  4070 | Ossuary  | Reached *** piety under Vehumet
  4303 | D:4      | Offered knowledge of Iskenderun's Mystic Blast by Vehumet.
  4504 | D:4      | Learned a level 4 spell: Iskenderun's Mystic Blast
  4864 | D:4      | Found an ancient bone altar of Kikubaaqudgha.
  4872 | D:4      | Found a white marble altar of Elyvilon.
  5000 | D:5      | Entered Level 5 of the Dungeon
  5063 | D:5      | Reached skill level 7 in Earth Magic
  5159 | D:5      | Reached XP level 9. HP: 57/65 MP: 10/12
  5219 | D:5      | Reached **** piety under Vehumet
  5240 | D:5      | Found a radiant altar of Vehumet.
  5403 | D:5      | Offered knowledge of Fulminant Prism by Vehumet.
  5438 | D:5      | Noticed Ijyb
  5441 | D:5      | Killed Ijyb
  5718 | D:6      | Noticed Sigmund
  5892 | D:6      | Reached skill level 8 in Earth Magic
  6452 | D:6      | Reached skill level 5 in Spellcasting
  6909 | D:6      | Killed Sigmund
  7372 | D:7      | Reached XP level 10. HP: 63/75 MP: 1/19
  7750 | D:7      | Reached skill level 5 in Fighting
  8058 | D:7      | Learned a level 4 spell: Olgreb's Toxic Radiance
  8131 | D:7      | Found a staircase to the Ecumenical Temple.
  8310 | D:7      | Reached skill level 1 in Poison Magic
  8347 | D:8      | Reached ***** piety under Vehumet
  8350 | D:8      | Offered knowledge of Lee's Rapid Deconstruction by Vehumet.
  8357 | D:8      | Learned a level 5 spell: Lee's Rapid Deconstruction
  9066 | D:8      | Noticed an orange demon
  9073 | D:8      | Noticed an orange demon
  9078 | D:8      | Noticed an orange demon
  9080 | D:8      | Reached skill level 5 in Poison Magic
  9722 | D:8      | Found the +7 Throatcutter {drain, coup de grace}
  9957 | D:9      | Noticed Harold
  9957 | D:9      | Noticed a two-headed ogre
 10157 | D:9      | Reached XP level 11. HP: 73/84 MP: 4/20
 10160 | D:9      | Killed a two-headed ogre
 10160 | D:9      | Killed Harold
 10161 | D:9      | Reached skill level 9 in Earth Magic
 10351 | D:9      | Found a staircase to the Orcish Mines.
 10552 | D:9      | Paralysed by a hornet for 2 turns
 10647 | D:9      | Noticed Erica
 10657 | D:9      | Killed Erica
 10687 | D:9      | Reached skill level 10 in Earth Magic
 10724 | D:10     | Entered Level 10 of the Dungeon
 10741 | D:10     | Noticed a death yak
 10760 | D:10     | Killed a death yak
 10866 | Orc:1    | Entered Level 1 of the Orcish Mines
 11487 | Orc:2    | Entered Level 2 of the Orcish Mines
 11616 | Orc:2    | Noticed Urug
 11969 | Orc:2    | Noticed an orc sorcerer
 11969 | Orc:2    | Noticed an orc warlord
 11975 | Orc:2    | Killed an orc sorcerer
 11986 | Orc:2    | Noticed an orc sorcerer
 11989 | Orc:2    | Killed an orc sorcerer
 11989 | Orc:2    | Offered knowledge of Airstrike by Vehumet.
 11990 | Orc:2    | Reached skill level 5 in Dodging
 11990 | Orc:2    | Reached skill level 1 in Armour
 12134 | Orc:2    | Killed Urug
 12252 | Orc:2    | Noticed an orc sorcerer
 12455 | Orc:2    | Killed an orc sorcerer
 12535 | Orc:2    | Noticed an orc knight
 12535 | Orc:2    | Noticed an orc knight
 12536 | Orc:2    | Noticed an orc knight
 12557 | Orc:2    | Killed an orc knight
 12557 | Orc:2    | Reached ****** piety under Vehumet
 12565 | Orc:2    | Killed an orc knight
 12566 | Orc:2    | Reached XP level 12. HP: 79/92 MP: 4/21
 12706 | Orc:2    | Found a staircase to the Elven Halls.
 12748 | Orc:2    | Reached skill level 5 in Armour
 12840 | Orc:2    | Noticed an orc high priest
 12847 | Orc:2    | Killed an orc high priest
 12932 | Orc:2    | Noticed Blork the orc
 12941 | Orc:2    | Killed Blork the orc
 12970 | Orc:2    | Noticed an orc warlord
 13036 | Orc:2    | Killed an orc warlord
 13082 | Orc:2    | Killed an orc warlord
 13083 | Orc:2    | Reached skill level 1 in Evocations
 13345 | Orc:2    | Paralysed by an orc sorcerer for 2 turns
 13380 | Orc:2    | Found Lutt's Jewellery Shoppe.
 13396 | Orc:2    | Found Vyptuar's Antique Weapon Shoppe.
 13412 | Orc:2    | Found Doneros's Antique Armour Shoppe.
 13442 | Orc:2    | Offered knowledge of Spellforged Servitor by Vehumet.
 13453 | Orc:2    | Learned a level 7 spell: Spellforged Servitor
 13531 | Orc:2    | Bought a pair of distressingly furry gloves for 247 gold
                  | pieces
 13531 | Orc:2    | Identified the +2 pair of gloves of Atheism {Dex+3} (You
                  | bought it in a shop on level 2 of the Orcish Mines)
 13550 | Orc:2    | Found Piyriq's General Store.
 13558 | Orc:2    | Bought 2 potions of curing for 84 gold pieces
 13558 | Orc:2    | Bought a scroll of teleportation for 42 gold pieces
 13558 | Orc:2    | Bought a potion of curing for 42 gold pieces
 13943 | Orc:2    | Bought the ring "Mitenip" {Wiz *Corrode rPois rF++ Int+2}
                  | for 916 gold pieces
 14013 | D:10     | Reached skill level 11 in Earth Magic
 14383 | D:10     | Found a staircase to the Lair.
 14419 | D:10     | Identified the +5 war axe "Wavvaavo" {freeze, rElec rPois}
 14441 | D:10     | Noticed a death yak
 14464 | D:10     | Killed a death yak
 14465 | D:10     | Noticed a death yak
 14480 | D:10     | Killed a death yak
 14775 | D:10     | Noticed a two-headed ogre
 14778 | D:10     | Killed a two-headed ogre
 14779 | D:10     | Reached skill level 12 in Earth Magic
 14798 | D:10     | Noticed a two-headed ogre
 14803 | D:10     | Killed a two-headed ogre
 14884 | Lair:1   | Entered Level 1 of the Lair of Beasts
 14893 | Lair:1   | Reached XP level 13. HP: 70/97 MP: 10/25
 14928 | Lair:1   | Offered knowledge of Iron Shot by Vehumet.
 14936 | Lair:1   | Reached skill level 13 in Earth Magic
 15153 | Lair:1   | Learned a level 6 spell: Iron Shot
 16573 | Lair:2   | Reached skill level 14 in Earth Magic
 16788 | Lair:2   | You fall into a shaft and drop 2 floors!
 16815 | Lair:4   | Found a runed translucent gate.
 16816 | Lair:4   | Found a runed translucent gate.
 16817 | Lair:4   | Found a runed translucent gate.
 16826 | Lair:4   | Noticed a minotaur
 16842 | Lair:4   | Noticed SigmundSlayer's ghost (journeyman GrBe)
 16966 | Lair:3   | Found a staircase to the Shoals.
 17227 | Lair:3   | Found a staircase to the Snake Pit.
 17287 | Lair:3   | Reached skill level 15 in Earth Magic
 17396 | Lair:2   | Offered knowledge of Eringya's Noxious Bog by Vehumet.
 17893 | Lair:3   | Reached skill level 1 in Shields
 17893 | Lair:3   | Reached XP level 14. HP: 104/104 MP: 19/27
 19587 | Lair:4   | Reached skill level 5 in Shields
 19930 | Lair:5   | Entered Level 5 of the Lair of Beasts
 20611 | Lair:5   | Offered knowledge of Orb of Destruction by Vehumet.
 21209 | Lair:5   | Found a bloodstained altar of Trog.
 21467 | Lair:5   | Found a staircase to the Slime Pits.
 21471 | Lair:5   | Found a viscous altar of Jiyva.
 22047 | Lair:5   | Reached skill level 10 in Conjurations
 22361 | D:11     | Noticed Fannar
 22365 | D:11     | Killed Fannar
 22372 | D:11     | Noticed Snorg
 22383 | D:11     | Killed Snorg
 23298 | D:12     | Reached XP level 15. HP: 57/110 MP: 21/28
 23304 | D:12     | Noticed Nergalle
 23308 | D:12     | Killed Nergalle
 23367 | D:12     | Found a gate leading to a gauntlet.
 23376 | Gauntlet | Entered a Gauntlet
 23376 | Gauntlet | Found a transporter.
 23386 | Gauntlet | Found a transporter.
 23386 | Gauntlet | Found a transporter.
 23386 | Gauntlet | Found a transporter.
 23400 | Gauntlet | Found a transporter.
 23400 | Gauntlet | Found a transporter.
 23403 | Gauntlet | Found a transporter.
 23428 | Gauntlet | Found a transporter.
 23429 | Gauntlet | Found a transporter.
 23429 | Gauntlet | Found a transporter.
 23435 | Gauntlet | Found a transporter.
 23437 | Gauntlet | Found a transporter.
 23437 | Gauntlet | Found a transporter.
 23437 | Gauntlet | HP: 1/110 [reaper/+1 scythe of distortion (5)]
 23438 | Gauntlet | Demolished by a reaper

Illustrated notes

Levels and vault maps discovered:
D:1:      dpeg_arrival_houses_and_road, layout_loops_ring,
          ebering_ecumenical_altar_webs
D:2:      layout_basic, basic_altar, serial_aquarium, aquarium_bridge_square
          [aquarium_subvault_bridge, aquarium_subvault_wall,
          aquarium_subvault_bridge, aquarium_subvault_balcony],
          aquarium_window_2, aquarium_window_2, aquarium_view_2d
D:3:      layout_loops_ring, hangedman_decor_riveting
D:4:      cheibrodos_thug_alley, layout_loops_corners,
          mainiacjoe_overflow_big_doors, gup_ossuary_entry_pyramid
D:5:      layout_basic, fiery_altar_vehumet, chequers_serial_rivers_micro_e,
          uniq_ijyb
D:6:      layout_layer_cave, minmay_hedge_maze, uniq_sigmund
D:7:      layout_cave_pools, minmay_temple_entry_slanted
D:8:      layout_gridville, corner_web_ring, dilly_guarded_unrand_throatcut
D:9:      layout_basic, erik_orc_3, uniq_harold, uniq_erica
D:10:     layout_irregular_city, dpeg_lair_monsters
D:11:     layout_basic, grunt_ministairs_7, uniq_snorg, uniq_fannar
D:12:     layout_grid_maze, gauntlet_entry_generic,
          portal_ice_cave_demonic_guard, xom_confusion_cloud, uniq_nergalle,
          uniq_azrael
Lair:1:   layout_loops_ring, minivault_11
Lair:2:   layout_regular_city
Lair:3:   layout_loops_ring, shoals_dummy_entry,
          minmay_snake_entry_six_corridors
Lair:4:   kb_forest_paths, layout_hall_layers, maelrawn_ghost_gauntlet_escape
Lair:5:   minmay_lair_end_frog_pond, layout_loops_ring, dpeg_slime_entry_corner,
          basic_altar, lemuel_fruit_fields
Orc:1:    layout_caves
Orc:2:    grunt_orc_cross, layout_diamond_mine, hangedman_feature_mirror,
          nicolae_orc_stony_grotto, uniq_urug
Gauntlet: gammafunk_gauntlet_77_escape_option
          [minmay_gauntlet_arena_77_double_cross, minmay_gauntlet_arena_77_fan,
          minmay_gauntlet_arena_77_broken_ladder,
          minmay_gauntlet_arena_77_two_paths, minmay_gauntlet_arena_77_mirror,
          dreamdust_gauntlet_exit_labyrinth]

Skill      XL: |  1  2  3  4  5  6  7  8  9 10 11 12 13 14 |
---------------+-------------------------------------------+-----
Fighting       | 1 2 3 5 |  5.0
Earth Magic    | 1 3 4 5 7 8 10 12 15 | 15.0
Conjurations   | 1 3 4 5 7 8 11 | 11.4
Spellcasting   | 6 8 9 |  9.0
Dodging        | 3 5 |  5.0
Poison Magic   | 6 7 |  7.0
Armour         | 4 5 |  5.0
Evocations     | 1 |  1.0
Shields        | 1 8 |  8.0
Stealth        | |  1.2
Summonings     | |  3.2

Action                   |  1- 3 |  4- 6 |  7- 9 | 10-12 | 13-15 || total
-------------------------+-------+-------+-------+-------+-------++-------
Melee: Unarmed           |    31 |       |       |       |       ||    31
       Tailslap          |    25 |     4 |    29 |    14 |    39 ||   111
       Punch             |     3 |       |     2 |       |     2 ||     7
       Dagger            |   127 |       |       |       |       ||   127
       Short sword       |       |    23 |   115 |       |       ||   138
       Lajatang          |       |       |    26 |    23 |       ||    49
       Long sword        |       |       |       |    61 |   265 ||   326
 Cast: Sandblast         |     4 |    71 |   180 |   147 |       ||   402
       Stone Arrow       |       |       |     7 |    58 |       ||    65
       Lee's Rapid Decon |       |       |       |    53 |    40 ||    93
       Olgreb's Toxic Ra |       |       |       |    71 |    59 ||   130
       Iron Shot         |       |       |       |       |   128 ||   128
 Abil: Rolling Charge    |       |       |       |     1 |       ||     1
Evoke: Wand              |       |       |       |    13 |     9 ||    22
  Use: Scroll            |       |       |       |    16 |     5 ||    21
       Potion            |       |       |       |     2 |     2 ||     4
 Stab: Sleeping          |     4 |       |     1 |       |       ||     5
Armor: Chain mail        |    26 |       |       |       |       ||    26
       Robe              |    51 |    16 |   114 |   128 |   193 ||   502
Dodge: Dodged            |    86 |    57 |   195 |   281 |   251 ||   870
       Repelled          |       |       |       |     2 |     3 ||     5
Block: Tower shield      |       |       |       |       |   248 ||   248
